 Dungeon Crawl Stone Soup version 0.29.1-15-g9cfb28693d (webtiles) character file.

Game seed: 5681472072914508652

754 Tristanesk the Cleaver (level 7, 0/62 HPs)
             Began as a Hill Orc Berserker on Apr 24, 2023.
             Was a Believer of Trog (penitent).
             Slain by a polar bear (1 damage)
             ... created by the rage of Trog
             ... on level 4 of the Dungeon.
             The game lasted 00:19:50 (2979 turns).

Tristanesk the Cleaver (Hill Orc Berserker)         Turns: 2979, Time: 00:19:50

Health: 0/62       AC: 13    Str: 20 (22) XL:     7   Next: 79%
Magic:  7/7        EV:  6    Int:  4 (7)  God:    Trog [**....]
Gold:   95         SH:  0    Dex:  9 (10) Spells: 4/6 levels left

rFire   . . .      SeeInvis .   v - +2 war axe
rCold   . . .      Faith    .   (no shield)
rNeg    . . .      Spirit   .   g - +0 plate armour
rPois   .          Reflect  .   (no helmet)
rElec   .          Harm     .   (no cloak)
rCorr   .          Rampage  .   (no gloves)
Will    .....                   y - +0 pair of boots
Stlth   ..........              (no amulet)
HPRegen 0.20/turn               (no ring)
MPRegen 0.10/turn               (no ring)

@: no status effects
A: no striking features
a: Renounce Religion


You were on level 4 of the Dungeon.
You worshipped Trog.
Trog was demanding penance.
You visited 1 branch of the dungeon, and saw 5 of its levels.

You collected 112 gold pieces.
You spent 17 gold pieces at shops.

Inventory:

Hand Weapons
 a - a +0 hand axe
 c - a +0 dagger
 f - a +0 dagger
 h - a +0 spear
 j - a +0 club
 k - a +0 short sword
 m - a +0 giant club
 n - a +0 dagger
 q - a +0 quarterstaff
 r - a +0 dagger
 t - a +0 dagger
 v - a +2 war axe (weapon)
Missiles
 d - 58 stones (quivered)
Armour
 b - a +0 animal skin
 e - a +0 robe
 g - a +0 plate armour (worn)
 i - a +0 ring mail
 l - a +0 pair of boots
 o - a +0 scale mail
 p - a +0 scale mail
 s - a +0 leather armour of positive energy
 u - a +0 ring mail
 y - a +0 pair of boots (worn)
 z - a +0 ring mail
 A - a +0 robe
Wands
 w - a wand of light (9)


   Skills:
 + Level 5.8 Fighting
 + Level 8.2 Axes
 + Level 5.0 Armour
 + Level 2.6 Dodging
 + Level 0.5 Stealth


You had 4 spell levels left.
You knew the following spells:

 Your Spells              Type           Power      Damage    Failure   Level
a - Ensorcelled Hibernat  Hex/Ice        0%         N/A       100%        2

Your spell library contained the following spells:

 Spells                   Type           Power      Damage    Failure   Level
 Passwall                 Tmut/Erth      0%         N/A       100%        2
 Swiftness                Air            0%         N/A       100%        3
 Malign Gateway           Summ/Tloc      0%         N/A       100%        7
 Summon Horrible Things   Summ           0%         N/A       100%        8


Dungeon Overview and Level Annotations

Branches:
Dungeon (5/15)
 Temple: D:4-7

Altars:
Hepliaklqana
Makhleb
Ru
Trog

Shops:
D:3 *


Message History

Found a human corpse.
You now have 95 gold pieces (gained 5).
d - 58 stones (gained 24)
Items here: (( )))))))))))))))))) ††††††.
You start resting.
Trog sends monsters to punish you. 2 black bears and 2 polar bears come into view.
The polar bear attacks as you move away!
The polar bear bites you!
* * * LOW HITPOINT WARNING * * *
The polar bear claws you but does no damage.
The polar bear claws you.
* * * LOW HITPOINT WARNING * * *
The black bear moves out of view.
Things that are here:
a +0 dagger; a kobold corpse The black bear bites you but does no damage.
The black bear claws you but does no damage. x2
The black bear rages.
The black bear bites you but does no damage.
The black bear claws you but does no damage. x2
You hit the plant.
The plant begins to die.
The plant is lightly damaged.
You hit the polar bear but do no damage.
You hit the plant.
The plant begins to die.
The polar bear rages.
The polar bear bites you but does no damage.
The polar bear barely misses you.
The polar bear claws you but does no damage.
The polar bear attacks as you move away!
The polar bear barely misses you.
The polar bear claws you but does no damage. x2
The black bear bites you but does no damage.
The black bear barely misses you. The black bear claws you.
* * * LOW HITPOINT WARNING * * *
The black bear bites you.
* * * LOW HITPOINT WARNING * * *
The black bear claws you but does no damage. x2
The polar bear bites you.
You die...

☼... .### ♣##.# #.#
☼....♣..## #...# #.####
†........# #♣..# #....#
.......)♣♣####.############.#
.......♣)..###.##...........#
......#))..P♣#.##.########..#
....♣.##...h♣#.##.# ##..# ...
♣ ##.h.h.....## #...# ..
###Ph@.....######..## .
###P.........##..# ##.....###
#..# #......## #..# #.#.##.##
#..# #.#.##.... #.># #
#.##.#.#.###..#
#.##..........#
#.##.#.#.###.##


You could see 2 polar bears and 2 black bears.

Vanquished Creatures
  Eustachio (D:5)
  A black bear (D:5)
  An ogre (D:4)
  A kobold brigand (D:4)
  2 necrophages (D:5)
  A hound (D:5)
  An orc priest (D:3)
  An iguana (D:5)
  An orc wizard (D:3)
  4 gnolls (D:5)
  An adder (D:2)
  An ufetubus (D:3)
  2 dart slugs
  2 orcs (D:3)
  7 ball pythons
  4 bats
  3 giant cockroaches
  4 goblins
  4 hobgoblins
  3 jackals (D:1)
  26 kobolds
  4 quokkas
  2 frilled lizards
  6 rats (D:1)
83 creatures vanquished.

Vanquished Creatures (others)
  5 fungi (D:1)
  15 plants
20 creatures vanquished.

Grand Total: 103 creatures vanquished

Notes
Turn   | Place    | Note
-------+----------+-------------------------------------------
     0 | D:1      | Tristanesk the Hill Orc Berserker began the quest for the
                  | Orb.
     0 | D:1      | Reached XP level 1. HP: 19/19 MP: 1/1
   205 | D:1      | Reached XP level 2. HP: 27/27 MP: 2/2
   625 | D:1      | Found a faded altar of an unknown god.
   708 | D:1      | Reached XP level 3. HP: 30/33 MP: 3/3
   799 | D:1      | Reached ** piety under Trog
  1416 | D:3      | Found a burning altar of Makhleb.
  1571 | D:3      | Reached skill level 5 in Axes
  1571 | D:3      | Reached XP level 4. HP: 39/41 MP: 4/4
  1613 | D:3      | Found Laoshyem's Assorted Antiques.
  1630 | D:3      | Reached XP level 5. HP: 42/47 MP: 5/5
  1644 | D:3      | Bought a red potion for 17 gold pieces
  1755 | D:3      | Found a sacrificial altar of Ru.
  1758 | D:3      | Found a hazy altar of Hepliaklqana.
  1802 | D:4      | Noticed an ogre
  1808 | D:4      | Killed an ogre
  1809 | D:4      | Reached skill level 5 in Fighting
  1892 | D:5      | Entered Level 5 of the Dungeon
  1892 | D:5      | Found a bloodstained altar of Trog.
  1899 | D:5      | Reached skill level 6 in Axes
  1902 | D:5      | Reached XP level 6. HP: 21/56 MP: 6/6
  2399 | D:5      | Was placed under penance by Trog
  2402 | D:5      | Learned a level 2 spell: Ensorcelled Hibernation
  2443 | D:5      | Noticed Eustachio
  2455 | D:5      | Reached skill level 7 in Axes
  2466 | D:5      | Killed Eustachio
  2467 | D:5      | Reached XP level 7. HP: 30/61 MP: 7/7
  2890 | D:4      | Reached skill level 8 in Axes
  2890 | D:4      | Reached skill level 5 in Armour
  2973 | D:4      | Noticed a polar bear
  2973 | D:4      | Noticed a polar bear
  2979 | D:4      | HP: 1/62 [black bear[the rage of Trog] (5)]
  2979 | D:4      | Slain by a polar bear

Illustrated notes

Levels and vault maps discovered:
D:1:      ebering_trefoil_3fold, layout_basic, dreamdust_ecumenical_altar_grove
D:2:      layout_loops_ring
D:3:      layout_basic, general_overflow_altar, nicolae_overflow_crystal_walls,
          nicolae_overflow_hidden_temple, serial_shops, shop, minmay_bisected
D:4:      kennysheep_kobold_camp, layout_loops_ring,
          lemuel_coloured_pillars_altar, minmay_ogre_servants,
          uniq_crazy_yiuf_cottage
D:5:      layout_basic, mainiacjoe_overflow_boulevard, st_stairs_4,
          uniq_eustachio

Skill      XL: |  1  2  3  4  5  6  7 |
---------------+----------------------+-----
Fighting       | 4 5 |  5.8
Armour         | 3 4 5 |  5.0
Axes           | 5 6 7 8 |  8.2
Dodging        | 2 |  2.6
Stealth        | |  0.5

Action                   |  1- 3 |  4- 6 |  7- 9 || total
-------------------------+-------+-------+-------++-------
Melee: Hand axe          |   119 |       |       ||   119
       Punch             |     1 |       |     1 ||     2
       War axe           |     6 |    62 |    59 ||   127
  Use: Scroll            |     4 |     4 |       ||     8
       Potion            |     3 |     2 |     1 ||     6
Armor: Animal skin       |     5 |       |       ||     5
       Ring mail         |    15 |       |       ||    15
       Scale mail        |    38 |    50 |     8 ||    96
       Plate armour      |       |       |    36 ||    36
Dodge: Dodged            |    84 |    64 |    25 ||   173
